Map: Frozen Temple

Players

ZhuN

  • Race: Zerg Zerg
  • League: Platinum

blackxored - Winner!

  • Race: Zerg Zerg
  • League: Diamond

VOD

Have the link to the VOD?

Description

Time

  • Played on: July 1, 2016, 8:34 p.m.
  • Length: 8:21
Show
View Real Time Build Order
Export as new Build Order

ZhuN Zerg 

Build Orders: Pool First, Zergling Baneling 

Get SALT Encoding   

  12  0:01  Drone  
  13  0:11  Extractor, Drone  
  13  0:17  Drone  
  14  0:33  Spawning Pool  
  13  0:37  Drone  
  14  0:43  Extractor  
  14  0:45  Drone  
  15  0:59  Overlord  
  15  1:20  Zergling x6  
  15  1:21  Metabolic Boost  
  18  1:31  Zergling x2  
  19  1:35  Baneling Nest  
  18  1:43  Queen  
  20  1:48  Zergling x2  
  21  1:55  Zergling x2  
  22  2:06  Overlord  
  22  2:26  Baneling x3  
  22  2:31  Zergling x4  
  22  2:37  Drone  
  25  2:40  Baneling x2  
  25  2:54  Zergling x4  
  25  2:55  Zergling x4  
  22  3:24  Zergling x2  
  22  3:25  Zergling x2  
  23  3:31  Hatchery  
  23  3:34  Drone  
  23  3:41  Drone  
  23  3:45  Baneling  
  23  3:46  Baneling  
  24  3:54  Drone  
  24  4:14  Baneling x2  
  24  4:20  Zergling x2  
  24  4:21  Zergling x4  
  27  4:27  Zergling x2  
  27  4:40  Baneling x3  
  27  4:41  Baneling  
  24  4:52  Drone  
  24  4:53  Drone  
  23  5:08  Zergling x8  
  27  5:15  Roach Warren  
  27  5:16  Zergling x6  
  27  5:18  Queen  
  31  5:26  Zergling x2  
  32  5:47  Roach Warren, Evolution Chamber  
  21  5:53  Zergling x6  
  21  5:54  Zergling x6  
  27  6:00  Drone x2  
  27  6:04  Queen x2  
  33  6:16  Baneling  
  28  6:40  Drone x4  
  28  6:41  Drone x3  
  35  6:49  Lair  
  35  7:18  Baneling  
  35  7:19  Baneling x2  
  33  8:00  Extractor  
  33  8:02  Extractor  
Show
View Real Time Build Order
Export as new Build Order

blackxored Zerg - Winner!

Build Orders: Pool First 

Get SALT Encoding   

  12  0:01  Drone  
  13  0:08  Drone  
  14  0:16  Extractor  
  14  0:17  Drone  
  14  0:34  Spawning Pool  
  13  0:36  Drone  
  14  0:44  Overlord  
  14  0:48  Extractor  
  13  0:52  Drone  
  16  1:11  Drone x3  
  18  1:20  Queen  
  20  1:26  Metabolic Boost  
  20  1:35  Overlord  
  20  1:39  Drone  
  21  1:56  Zergling x4  
  21  1:57  Baneling Nest  
  22  2:08  Zergling x2  
  23  2:16  Zergling x2  
  24  2:27  Zergling x2  
  25  2:36  Zergling x6  
  28  2:45  Overlord  
  28  2:47  Baneling x4  
  28  3:00  Drone  
  28  3:02  Zergling x2  
  28  3:03  Zergling x2  
  23  3:17  Zergling x2  
  23  3:18  Zergling x2  
  21  3:22  Zergling x2  
  21  3:25  Hatchery  
  21  3:37  Zergling x2  
  22  3:44  Zergling x2  
  23  3:51  Queen  
  23  3:55  Zergling x2  
  22  4:11  Zergling x2  
  23  4:21  Zergling x8  
  27  4:32  Baneling  
  27  4:38  Zergling x2  
  26  4:46  Zergling x8  
  26  4:51  Queen  
  32  4:58  Hatchery  
  27  5:07  Zergling x2  
  27  5:08  Zergling x2  
  25  5:41  Zergling x12  
  26  5:50  Queen  
  29  5:57  Zergling x2  
  29  5:58  Baneling  
  29  5:59  Baneling  
  29  6:06  Zergling x2  
  28  6:25  Zergling x4  
  28  6:26  Zergling x4  
  31  6:37  Zergling x4  
  31  7:31  Zergling x18  
  31  7:32  Zergling x6  
  42  7:50  Zergling x2  
  42  7:51  Zergling x2  
  42  7:55  Zergling x2  
  42  7:57  Overlord  
Tags
 
Add a new tag
Caveats
  • Supply blocks, unpowered buildings, or Contaminate may cause inaccurate times.
  • Supply counts are checked every 10 seconds.